Panthers vs Capitals

Created - 26 décembre 2020 at 22:22

Goals
1 2 3 T
Panthers 2 2 1 5
Capitals 1 0 0 1
Shots
1 2 3 T
Panthers 19 10 9 38
Capitals 12 10 8 30

1st period

1. Panthers , Aleksander Barkov 12 (Nikita Kucherov 19, Philippe Myers 2) at 3:38
2. Capitals , Jason Dickinson 5 (Bobby Ryan 9, Riley Stillman 4) at 6:06
3. Panthers , Jonathan Huberdeau 8 (Philippe Myers 3, Aleksander Barkov 25) at 7:34

Penalties :
Joel Armia (FLA) for High sticking (Minor) at 14:21

2nd period

4. Panthers , Derek Grant 3 (Oskar Sundqvist 4, Matt Calvert 2) at 8:58
5. Panthers , Matthew Tkachuk 12 (Dylan Larkin 15, Quinn Hughes 25) at 11:12

Penalties :
Oskar Sundqvist (FLA) for Interference (Minor) at 3:55, Colton Parayko (FLA) for Hooking (Minor) at 12:16

3rd period

6. Panthers , Aleksander Barkov 13 (Quinn Hughes 26) at 15:46

Penalties :
Mikael Granlund (WSH) for Roughing (Minor) at 0:13, Jean-Gabriel Pageau (FLA) for Hooking (Minor) at 9:29

Goalie Stats

Corey Crawford (FLA), 29 saves from 30 shots - (0,967), W, 27-1-0, 60:00 minutes
Pekka Rinne (WSH), 33 saves from 38 shots - (0,868), L, 7-13-5, 60:00 minutes

Players Stats for Panthers

Player Name              G  A  P  +/- PIM S  H  SB GA TA FO     MP     PP MP  PK MP  
------------------------------------------------------------------------------------
Aleksander Barkov        2  1  3   3  0   6  1  0  0  0  22/26  19:36   1:00   2:37 
Alex Ovechkin            0  0  0   1  0   1  3  0  0  0  2/3    18:39   0:59   0:59 
Charlie McAvoy           0  0  0  -1  0   2  7  0  0  0  0/0    23:31   1:00   4:32 
Colton Parayko           0  0  0  -1  2   1  1  2  0  0  0/0    20:48   1:00   0:00 
Derek Grant              1  0  1   1  0   3  0  0  0  0  12/16   9:41   0:00   4:31 
Dylan Larkin             0  1  1   1  0   2  0  0  0  0  10/18  17:40   0:59   0:00 
Jean-Gabriel Pageau      0  0  0  -1  2   3  2  0  0  0  12/15  14:00   0:00   1:46 
Jeff Petry               0  0  0   3  0   1  4  2  0  0  0/0    23:02   0:59   3:24 
Joel Armia               0  0  0  -1  2   4  2  0  0  0  0/0    14:16   0:00   2:02 
Jonathan Huberdeau       1  0  1   3  0   4  0  0  0  0  1/1    16:59   1:00   0:00 
Matt Calvert             0  1  1   1  0   0  0  0  0  0  0/0     5:10   0:00   0:00 
Matthew Tkachuk          1  0  1   1  0   3  0  0  0  0  0/0    17:41   1:00   0:00 
Nikita Kucherov          0  1  1   3  0   3  0  0  0  0  0/1    16:58   0:59   0:00 
Oskar Sundqvist          0  1  1   1  2   1  0  0  0  0  0/0     9:06   0:00   3:57 
Philippe Myers           0  2  2   2  0   0  0  0  0  0  0/0    13:27   0:00   0:00 
Pierre-Luc Dubois        0  0  0  -1  0   4  1  0  0  0  1/1    12:15   0:00   0:00 
Quinn Hughes             0  2  2   3  0   0  0  4  0  0  0/0    21:12   0:59   3:24 
Zdeno Chara              0  0  0   2  0   0  1  1  0  0  0/0    17:59   0:00   4:32 

Players Stats for Capitals

Player Name              G  A  P  +/- PIM S  H  SB GA TA FO     MP     PP MP  PK MP  
------------------------------------------------------------------------------------
Bobby Ryan               0  1  1  -2  0   1  5  0  0  0  3/4    19:04   3:10   0:00 
Brandon Davidson         0  0  0  -2  0   0  7  0  0  0  0/0    16:18   0:10   0:00 
Brandon Montour          0  0  0  -1  0   1  0  3  0  0  0/0    23:18   3:48   1:03 
Brennan Menell           0  0  0  -2  0   0  0  3  0  0  0/0    16:26   0:18   0:00 
Casey Mittelstadt        0  0  0  -1  0   2  0  0  0  0  4/15   14:59   0:08   0:00 
Chandler Stephenson      0  0  0  -1  0   1  0  0  0  0  1/1    15:30   0:42   0:35 
David Kampf              0  0  0  -1  0   2  2  0  0  0  1/1    18:01   3:16   0:46 
Jason Dickinson          1  0  1  -2  0   7  0  0  0  0  6/17   19:04   3:10   0:00 
Josh Anderson            0  0  0   0  0   0  0  0  0  0  0/0     7:20   0:08   1:13 
Kaapo Kakko              0  0  0   0  0   1  0  0  0  0  0/0     1:32   1:32   0:00 
Kevin Labanc             0  0  0  -2  0   2  1  0  0  0  0/1    19:02   3:08   0:00 
Kris Russell             0  0  0  -1  0   0  0  1  0  0  0/0    20:18   3:50   0:56 
Michael Del Zotto        0  0  0  -1  0   0  2  1  0  0  0/0    23:16   3:48   1:03 
Mikael Granlund          0  0  0  -1  2   3  3  0  0  0  5/29   17:20   3:22   0:00 
Reilly Smith             0  0  0  -1  0   5  2  0  0  0  0/5    24:06   3:22   1:24 
Riley Stillman           0  1  1  -1  0   1  2  0  0  0  0/0    20:24   3:58   0:56 
Vinnie Hinostroza        0  0  0   0  0   0  0  0  0  0  1/6     6:07   0:08   0:00 
Wayne Simmonds           0  0  0  -1  0   4  3  0  0  0  0/2    15:55   1:42   0:00 

3 Stars

1 - Aleksander Barkov (FLA)
2 - Quinn Hughes (FLA)
3 - Jonathan Huberdeau (FLA)

Power Play

Panthers - 0 on 1 Attempt(s) - 0,00%
Capitals - 0 on 4 Attempt(s) - 0,00%

Penalty Kill

Panthers - 4 on 4 Attempt(s) - 100,00% - Score 0 goal in Penalty Kill
Capitals - 1 on 1 Attempt(s) - 100,00% - Score 0 goal in Penalty Kill

Team Stat

Panthers - Hits : 22 - Faceoff Wins : 60 - Blocked Shots : 9 - Penalty Minutes : 8
Capitals - Hits : 27 - Faceoff Wins : 21 - Blocked Shots : 8 - Penalty Minutes : 2

Official

Referees : Beaudry Halkidis and Stephen Hiff
Linesman : Tony Sericolo and Derek Nansen

Game Notes

No Game Note

Finance

Level 1 -- Attendance: 2427 (37,34%) -- Ticket Income 606 750 $
Level 2 -- Attendance: 1875 (37,50%) -- Ticket Income 375 000 $
Level 3 -- Attendance: 1079 (30,83%) -- Ticket Income 188 825 $
Level 4 -- Attendance: 683 (27,25%) -- Ticket Income 102 450 $
Luxury Box -- Attendance: 536 (53,60%) -- Ticket Income 214 400 $
Game was played at the Verizon Center.
Total Attendance: 6600 (35,66%)
Total Ticket Income: 1 487 425 $
Other Income: 728 838 $
Total Income: 2 216 263 $

% Time on Ice - Panthers

Lines # - Real PCT - Wanted PCT - Time Play
Normal Forward
1 - 32% - 33% - 15:59
2 - 33% - 33% - 16:41
3 - 24% - 24% - 12:15
4 - 10% - 10% - 5:10
Normal Defense
1 - 34% - 40% - 16:49
2 - 36% - 40% - 17:59
3 - 27% - 20% - 13:27
4 - 4% - 0% - 1:50
PP Forward
1 - 50% - 50% - 1:00
2 - 50% - 50% - 0:59
PP Defense
1 - 50% - 50% - 0:59
2 - 50% - 50% - 1:00
PK Forward
1 - 68% - 60% - 5:26
2 - 32% - 40% - 2:30
PK Defense
1 - 43% - 60% - 3:24
2 - 57% - 40% - 4:32
PK3 Forward
1 - 0% - 60%
2 - 0% - 40%
PK3 Defense
1 - 0% - 60%
2 - 0% - 40%
44 Forward
1 - 0% - 50%
2 - 0% - 50%
44 Defense
1 - 0% - 60%
2 - 0% - 40%
Last Minute Offensive  - 0:00
Last Minute Defensive  - 0:00
Total
Forward - 60:00
Defense - 60:00

% Time on Ice - Capitals

Lines # - Real PCT - Wanted PCT - Time Play
Normal Forward
1 - 28% - 40% - 13:59
2 - 32% - 30% - 15:54
3 - 28% - 20% - 14:13
4 - 12% - 10% - 5:59
Normal Defense
1 - 36% - 40% - 18:10
2 - 30% - 30% - 14:54
3 - 32% - 20% - 16:08
4 - 2% - 10% - 0:53
PP Forward
1 - 53% - 60% - 4:12
2 - 47% - 40% - 3:44
PP Defense
1 - 52% - 60% - 4:06
2 - 48% - 40% - 3:50
PK Forward
1 - 100% - 60% - 1:59
2 - 0% - 40% - 0:00
PK Defense
1 - 53% - 60% - 1:03
2 - 47% - 40% - 0:56
PK3 Forward
1 - 0% - 60%
2 - 0% - 40%
PK3 Defense
1 - 0% - 60%
2 - 0% - 40%
44 Forward
1 - 0% - 60%
2 - 0% - 40%
44 Defense
1 - 0% - 60%
2 - 0% - 40%
Last Minute Offensive  - 0:00
Last Minute Defensive  - 0:00
Total
Forward - 60:00
Defense - 60:00

Play-by-Play

1st period


0:01 of 1st period - Aleksander Barkov wins face-off versus Mikael Granlund in neutral zone.
0:11 of 1st period - Shot by Mikael Granlund.
0:11 of 1st period - Stopped by Corey Crawford without a rebound.
0:12 of 1st period - Jason Dickinson wins face-off versus Dylan Larkin in Panthers zone.
0:13 of 1st period - Shot by Kevin Labanc.
0:13 of 1st period - Deflect By Jason Dickinson.
0:13 of 1st period - Shot Misses the Net.
0:41 of 1st period - Shot by Matthew Tkachuk.
0:41 of 1st period - Stopped by Pekka Rinne with a rebound.
1:02 of 1st period - Icing by Kris Russell.
1:03 of 1st period - Jean-Gabriel Pageau wins face-off versus Jason Dickinson in Capitals zone.
1:04 of 1st period - Shot by Pierre-Luc Dubois.
1:04 of 1st period - Stopped by Pekka Rinne without a rebound.
1:05 of 1st period - Jean-Gabriel Pageau wins face-off versus Mikael Granlund in Capitals zone.
1:22 of 1st period - Shot by Mikael Granlund.
1:22 of 1st period - Shot Blocked by Jeff Petry.
1:28 of 1st period - Shot by Mikael Granlund.
1:28 of 1st period - Stopped by Corey Crawford without a rebound.
1:29 of 1st period - Aleksander Barkov wins face-off versus Casey Mittelstadt in Panthers zone.
1:36 of 1st period - Casey Mittelstadt is hit by Aleksander Barkov and loses puck.
1:43 of 1st period - Shot by Aleksander Barkov.
1:43 of 1st period - Stopped by Pekka Rinne with a rebound.
1:49 of 1st period - Shot by Nikita Kucherov.
1:49 of 1st period - Deflect By Jonathan Huberdeau.
1:49 of 1st period - Shot Blocked by Brennan Menell.
2:01 of 1st period - Shot by Jonathan Huberdeau.
2:01 of 1st period - Shot Misses the Net.
2:03 of 1st period - Shot by Aleksander Barkov.
2:03 of 1st period - Stopped by Pekka Rinne without a rebound.
2:04 of 1st period - Derek Grant wins face-off versus Mikael Granlund in Capitals zone.
2:04 of 1st period - Quinn Hughes is hit by Michael Del Zotto and loses puck.
2:27 of 1st period - Shot by Jeff Petry.
2:27 of 1st period - Shot Blocked by Brandon Montour.
3:18 of 1st period - Shot by Joel Armia.
3:18 of 1st period - Stopped by Pekka Rinne without a rebound.
3:19 of 1st period - Aleksander Barkov wins face-off versus Casey Mittelstadt in Capitals zone.
3:19 of 1st period - Zdeno Chara is hit by Brandon Davidson and loses puck.
3:36 of 1st period - Shot by Nikita Kucherov.
3:36 of 1st period - Shot Blocked by Brennan Menell.
3:38 of 1st period - Shot by Aleksander Barkov.
3:38 of 1st period - Goal by Aleksander Barkov - Panthers : 1 - Capitals : 0.
3:39 of 1st period - Bobby Ryan wins face-off versus Dylan Larkin in neutral zone.
3:58 of 1st period - Shot by Kevin Labanc.
3:58 of 1st period - Stopped by Corey Crawford without a rebound.
3:59 of 1st period - Aleksander Barkov wins face-off versus Reilly Smith in Panthers zone.
4:01 of 1st period - Icing by Jonathan Huberdeau.
4:02 of 1st period - Aleksander Barkov wins face-off versus Vinnie Hinostroza in Panthers zone.
4:19 of 1st period - Icing by Reilly Smith.
4:20 of 1st period - Dylan Larkin wins face-off versus Vinnie Hinostroza in Capitals zone.
4:51 of 1st period - Shot by Dylan Larkin.
4:51 of 1st period - Stopped by Pekka Rinne without a rebound.
4:52 of 1st period - Jean-Gabriel Pageau wins face-off versus Casey Mittelstadt in Capitals zone.
4:52 of 1st period - Jean-Gabriel Pageau is hit by Brandon Davidson.
4:59 of 1st period - Joel Armia is hit by Brandon Davidson and loses puck.
5:05 of 1st period - Wayne Simmonds is hit by Charlie McAvoy and loses puck.
5:08 of 1st period - Shot by Chandler Stephenson.
5:08 of 1st period - Shot Blocked by Colton Parayko.
5:10 of 1st period - Shot by Brandon Davidson.
5:10 of 1st period - Shot Blocked by Colton Parayko.
5:41 of 1st period - Bobby Ryan is hit by Charlie McAvoy.
6:03 of 1st period - Jason Dickinson is hit by Charlie McAvoy and loses puck.
6:06 of 1st period - Shot by Jason Dickinson.
6:06 of 1st period - Goal by Jason Dickinson - Panthers : 1 - Capitals : 1.
6:07 of 1st period - Aleksander Barkov wins face-off versus Mikael Granlund in neutral zone.
6:21 of 1st period - Icing by Brandon Montour.
6:22 of 1st period - Mikael Granlund wins face-off versus Dylan Larkin in Capitals zone.
6:28 of 1st period - Reilly Smith is hit by Jeff Petry and loses puck.
6:32 of 1st period - Icing by Quinn Hughes.
6:33 of 1st period - Casey Mittelstadt wins face-off versus Alex Ovechkin in Panthers zone.
6:39 of 1st period - Wayne Simmonds is hit by Jeff Petry and loses puck.
6:50 of 1st period - Shot by Wayne Simmonds.
6:50 of 1st period - Shot Blocked by Quinn Hughes.
6:58 of 1st period - Shot by Wayne Simmonds.
6:58 of 1st period - Stopped by Corey Crawford without a rebound.
6:59 of 1st period - Aleksander Barkov wins face-off versus Mikael Granlund in Panthers zone.
7:06 of 1st period - Shot by Nikita Kucherov.
7:06 of 1st period - Stopped by Pekka Rinne with a rebound.
7:30 of 1st period - Shot by Aleksander Barkov.
7:30 of 1st period - Shot Misses the Net.
7:32 of 1st period - Shot by Jonathan Huberdeau.
7:32 of 1st period - Shot Misses the Net.
7:34 of 1st period - Shot by Philippe Myers.
7:34 of 1st period - Deflect By Jonathan Huberdeau.
7:34 of 1st period - Goal by Jonathan Huberdeau - Panthers : 2 - Capitals : 1.
7:35 of 1st period - Dylan Larkin wins face-off versus Jason Dickinson in neutral zone.
7:46 of 1st period - Shot by Dylan Larkin.
7:46 of 1st period - Deflect By Alex Ovechkin.
7:46 of 1st period - Shot Misses the Net.
8:00 of 1st period - Shot by Matthew Tkachuk.
8:00 of 1st period - Stopped by Pekka Rinne with a rebound.
8:03 of 1st period - Alex Ovechkin is hit by Brandon Davidson and loses puck.
8:35 of 1st period - Off-side.
8:36 of 1st period - Jonathan Huberdeau wins face-off versus Mikael Granlund in neutral zone.
9:03 of 1st period - Shot by Aleksander Barkov.
9:03 of 1st period - Shot Blocked by Brandon Montour.
9:11 of 1st period - Shot by Aleksander Barkov.
9:11 of 1st period - Deflect By Nikita Kucherov.
9:11 of 1st period - Shot Blocked by Michael Del Zotto.
9:13 of 1st period - Shot by Charlie McAvoy.
9:13 of 1st period - Stopped by Pekka Rinne without a rebound.
9:14 of 1st period - Derek Grant wins face-off versus Casey Mittelstadt in Capitals zone.
9:39 of 1st period - Shot by Chandler Stephenson.
9:39 of 1st period - Stopped by Corey Crawford without a rebound.
9:40 of 1st period - Jason Dickinson wins face-off versus Jean-Gabriel Pageau in Panthers zone.
9:51 of 1st period - Shot by Jason Dickinson.
9:51 of 1st period - Shot Misses the Net.
9:53 of 1st period - Shot by Jason Dickinson.
9:53 of 1st period - Shot Misses the Net.
9:55 of 1st period - Shot by Jason Dickinson.
9:55 of 1st period - Stopped by Corey Crawford without a rebound.
9:56 of 1st period - Aleksander Barkov wins face-off versus Mikael Granlund in Panthers zone.
10:02 of 1st period - Icing by Aleksander Barkov.
10:03 of 1st period - Aleksander Barkov wins face-off versus Mikael Granlund in Panthers zone.
10:14 of 1st period - Shot by Nikita Kucherov.
10:14 of 1st period - Stopped by Pekka Rinne without a rebound.
10:15 of 1st period - Dylan Larkin wins face-off versus Bobby Ryan in Capitals zone.
10:15 of 1st period - Dylan Larkin is hit by Riley Stillman.
11:08 of 1st period - Shot by Reilly Smith.
11:08 of 1st period - Shot Hit the Post.
11:11 of 1st period - Icing by Quinn Hughes.
11:12 of 1st period - Alex Ovechkin wins face-off versus Casey Mittelstadt in Panthers zone.
11:28 of 1st period - Jeff Petry is hit by Brandon Davidson and loses puck.
12:05 of 1st period - Shot by Aleksander Barkov.
12:05 of 1st period - Stopped by Pekka Rinne with a rebound.
12:33 of 1st period - Shot by Pierre-Luc Dubois.
12:33 of 1st period - Shot Misses the Net.
12:37 of 1st period - Shot by Pierre-Luc Dubois.
12:37 of 1st period - Stopped by Pekka Rinne with a rebound.
12:39 of 1st period - Shot by Jean-Gabriel Pageau.
12:39 of 1st period - Stopped by Pekka Rinne without a rebound.
12:40 of 1st period - Mikael Granlund wins face-off versus Derek Grant in Capitals zone.
12:51 of 1st period - Shot by Derek Grant.
12:51 of 1st period - Stopped by Pekka Rinne with a rebound.
13:01 of 1st period - Shot by Reilly Smith.
13:01 of 1st period - Stopped by Corey Crawford without a rebound.
13:02 of 1st period - Jason Dickinson wins face-off versus Jean-Gabriel Pageau in Panthers zone.
13:16 of 1st period - Icing by Charlie McAvoy.
13:17 of 1st period - Jean-Gabriel Pageau wins face-off versus Reilly Smith in Panthers zone.
13:24 of 1st period - Off-side.
13:25 of 1st period - Mikael Granlund wins face-off versus Aleksander Barkov in neutral zone.
13:44 of 1st period - Aleksander Barkov is hit by Reilly Smith and loses puck.
14:18 of 1st period - Icing by Michael Del Zotto.
14:19 of 1st period - Jean-Gabriel Pageau wins face-off versus Mikael Granlund in Capitals zone.
14:21 of 1st period - Minor Penalty to Joel Armia for High sticking.
14:22 of 1st period - Derek Grant wins face-off versus Jason Dickinson in Panthers zone.
14:22 of 1st period - Derek Grant is hit by Kevin Labanc.
14:52 of 1st period - Shot by Kris Russell.
14:52 of 1st period - Shot Misses the Net.
14:54 of 1st period - Shot by Kris Russell.
14:54 of 1st period - Deflect By Bobby Ryan.
14:54 of 1st period - Shot Misses the Net.
14:56 of 1st period - Shot by Jason Dickinson.
14:56 of 1st period - Stopped by Corey Crawford without a rebound.
14:57 of 1st period - Derek Grant wins face-off versus Mikael Granlund in Panthers zone.
15:12 of 1st period - Shot by Michael Del Zotto.
15:12 of 1st period - Deflect By Mikael Granlund.
15:12 of 1st period - Stopped by Corey Crawford without a rebound.
15:13 of 1st period - Derek Grant wins face-off versus Jason Dickinson in Panthers zone.
15:13 of 1st period - Derek Grant is hit by Bobby Ryan.
16:18 of 1st period - Shot by Reilly Smith.
16:18 of 1st period - Shot Misses the Net.
16:40 of 1st period - Dylan Larkin is hit by Brandon Davidson and loses puck.
16:45 of 1st period - Shot by Colton Parayko.
16:45 of 1st period - Stopped by Pekka Rinne without a rebound.
16:46 of 1st period - Jean-Gabriel Pageau wins face-off versus Vinnie Hinostroza in Capitals zone.
16:49 of 1st period - Shot by Pierre-Luc Dubois.
16:49 of 1st period - Stopped by Pekka Rinne without a rebound.
16:50 of 1st period - Jean-Gabriel Pageau wins face-off versus Vinnie Hinostroza in Capitals zone.
16:58 of 1st period - Vinnie Hinostroza is hit by Zdeno Chara and loses puck.
17:48 of 1st period - Chandler Stephenson is hit by Charlie McAvoy and loses puck.
18:09 of 1st period - Shot by Wayne Simmonds.
18:09 of 1st period - Stopped by Corey Crawford without a rebound.
18:10 of 1st period - Jason Dickinson wins face-off versus Dylan Larkin in Panthers zone.
18:11 of 1st period - Shot by Kevin Labanc.
18:11 of 1st period - Shot Blocked by Quinn Hughes.
18:13 of 1st period - Shot by Riley Stillman.
18:13 of 1st period - Shot Misses the Net.
18:15 of 1st period - Shot by Jason Dickinson.
18:15 of 1st period - Shot Blocked by Quinn Hughes.
19:06 of 1st period - Shot by Reilly Smith.
19:06 of 1st period - Shot Misses the Net.
19:08 of 1st period - Shot by David Kampf.
19:08 of 1st period - Stopped by Corey Crawford without a rebound.
19:09 of 1st period - Chandler Stephenson wins face-off versus Aleksander Barkov in Panthers zone.
19:10 of 1st period - Shot by Wayne Simmonds.
19:10 of 1st period - Shot Misses the Net.
19:13 of 1st period - Icing by Charlie McAvoy.
19:14 of 1st period - Aleksander Barkov wins face-off versus Mikael Granlund in Panthers zone.
19:38 of 1st period - Shot by Reilly Smith.
19:38 of 1st period - Shot Misses the Net.
19:44 of 1st period - Shot by Aleksander Barkov.
19:44 of 1st period - Stopped by Pekka Rinne without a rebound.
19:45 of 1st period - Pierre-Luc Dubois wins face-off versus Jason Dickinson in Capitals zone.
Goals for this period are 2 for Panthers vs 1 for Capitals.
Shots for this period are 19 for Panthers vs 12 for Capitals.

2nd period


0:01 of 2nd period - Aleksander Barkov wins face-off versus Mikael Granlund in neutral zone.
0:13 of 2nd period - Icing by Michael Del Zotto.
0:14 of 2nd period - Mikael Granlund wins face-off versus Dylan Larkin in Capitals zone.
0:14 of 2nd period - Mikael Granlund is hit by Alex Ovechkin.
2:12 of 2nd period - Jason Dickinson is hit by Pierre-Luc Dubois and loses puck.
2:25 of 2nd period - Bobby Ryan is hit by Joel Armia and loses puck.
2:54 of 2nd period - Shot by Wayne Simmonds.
2:54 of 2nd period - Deflect By Casey Mittelstadt.
2:54 of 2nd period - Stopped by Corey Crawford without a rebound.
2:55 of 2nd period - Derek Grant wins face-off versus Mikael Granlund in Panthers zone.
2:55 of 2nd period - Quinn Hughes is hit by David Kampf and loses puck.
3:24 of 2nd period - Shot by Brandon Montour.
3:24 of 2nd period - Shot Blocked by Quinn Hughes.
3:26 of 2nd period - Shot by Brandon Montour.
3:26 of 2nd period - Deflect By Mikael Granlund.
3:26 of 2nd period - Shot Misses the Net.
3:41 of 2nd period - Icing by Jeff Petry.
3:42 of 2nd period - Derek Grant wins face-off versus Wayne Simmonds in Panthers zone.
3:55 of 2nd period - Minor Penalty to Oskar Sundqvist for Interference.
3:56 of 2nd period - Jean-Gabriel Pageau wins face-off versus Mikael Granlund in Panthers zone.
4:07 of 2nd period - Zdeno Chara is hit by Mikael Granlund and loses puck.
5:16 of 2nd period - Shot by Mikael Granlund.
5:16 of 2nd period - Shot Hit the Post.
5:18 of 2nd period - Shot by Reilly Smith.
5:18 of 2nd period - Stopped by Corey Crawford without a rebound.
5:19 of 2nd period - David Kampf wins face-off versus Aleksander Barkov in Panthers zone.
5:28 of 2nd period - Shot by Bobby Ryan.
5:28 of 2nd period - Stopped by Corey Crawford without a rebound.
5:29 of 2nd period - Derek Grant wins face-off versus Jason Dickinson in Panthers zone.
5:48 of 2nd period - Shot by Wayne Simmonds.
5:48 of 2nd period - Stopped by Corey Crawford with a rebound.
6:02 of 2nd period - Shot by Reilly Smith.
6:02 of 2nd period - Shot Misses the Net.
7:19 of 2nd period - Icing by Michael Del Zotto.
7:20 of 2nd period - Bobby Ryan wins face-off versus Dylan Larkin in Capitals zone.
7:31 of 2nd period - Philippe Myers is hit by Bobby Ryan and loses puck.
8:16 of 2nd period - Shot by Mikael Granlund.
8:16 of 2nd period - Deflect By Reilly Smith.
8:16 of 2nd period - Stopped by Corey Crawford without a rebound.
8:17 of 2nd period - Casey Mittelstadt wins face-off versus Aleksander Barkov in Panthers zone.
8:17 of 2nd period - Casey Mittelstadt is hit by Charlie McAvoy.
8:30 of 2nd period - Shot by Nikita Kucherov.
8:30 of 2nd period - Stopped by Pekka Rinne without a rebound.
8:31 of 2nd period - Jason Dickinson wins face-off versus Derek Grant in Capitals zone.
8:54 of 2nd period - Shot by Oskar Sundqvist.
8:54 of 2nd period - Shot Blocked by Kris Russell.
8:56 of 2nd period - Shot by Derek Grant.
8:56 of 2nd period - Stopped by Pekka Rinne with a rebound.
8:58 of 2nd period - Shot by Derek Grant.
8:58 of 2nd period - Goal by Derek Grant - Panthers : 3 - Capitals : 1.
8:59 of 2nd period - Aleksander Barkov wins face-off versus Casey Mittelstadt in neutral zone.
9:29 of 2nd period - Shot by Wayne Simmonds.
9:29 of 2nd period - Stopped by Corey Crawford without a rebound.
9:30 of 2nd period - Dylan Larkin wins face-off versus Mikael Granlund in Panthers zone.
9:30 of 2nd period - Dylan Larkin is hit by Mikael Granlund.
9:42 of 2nd period - Shot by Reilly Smith.
9:42 of 2nd period - Shot Misses the Net.
9:44 of 2nd period - Shot by Reilly Smith.
9:44 of 2nd period - Stopped by Corey Crawford with a rebound.
9:48 of 2nd period - Shot by Reilly Smith.
9:48 of 2nd period - Stopped by Corey Crawford without a rebound.
9:49 of 2nd period - Jean-Gabriel Pageau wins face-off versus Jason Dickinson in Panthers zone.
9:49 of 2nd period - Jean-Gabriel Pageau is hit by Bobby Ryan.
10:01 of 2nd period - Shot by Joel Armia.
10:01 of 2nd period - Stopped by Pekka Rinne without a rebound.
10:02 of 2nd period - Aleksander Barkov wins face-off versus Mikael Granlund in Capitals zone.
10:11 of 2nd period - Aleksander Barkov is hit by David Kampf and loses puck.
10:32 of 2nd period - Shot by Reilly Smith.
10:32 of 2nd period - Shot Misses the Net.
10:34 of 2nd period - Shot by David Kampf.
10:34 of 2nd period - Shot Misses the Net.
10:36 of 2nd period - Shot by Brandon Montour.
10:36 of 2nd period - Shot Misses the Net.
10:38 of 2nd period - Shot by David Kampf.
10:38 of 2nd period - Shot Misses the Net.
10:59 of 2nd period - Icing by Kris Russell.
11:00 of 2nd period - Bobby Ryan wins face-off versus Dylan Larkin in Capitals zone.
11:12 of 2nd period - Shot by Matthew Tkachuk.
11:12 of 2nd period - Goal by Matthew Tkachuk - Panthers : 4 - Capitals : 1.
11:13 of 2nd period - Jean-Gabriel Pageau wins face-off versus Casey Mittelstadt in neutral zone.
11:16 of 2nd period - Shot by Joel Armia.
11:16 of 2nd period - Stopped by Pekka Rinne with a rebound.
11:19 of 2nd period - Icing by Chandler Stephenson.
11:20 of 2nd period - Dylan Larkin wins face-off versus Casey Mittelstadt in Capitals zone.
11:35 of 2nd period - Shot by Chandler Stephenson.
11:35 of 2nd period - Shot Blocked by Jeff Petry.
11:55 of 2nd period - Shot by Casey Mittelstadt.
11:55 of 2nd period - Shot Misses the Net.
12:16 of 2nd period - Minor Penalty to Colton Parayko for Hooking.
12:17 of 2nd period - Derek Grant wins face-off versus Jason Dickinson in Panthers zone.
12:24 of 2nd period - Zdeno Chara is hit by Bobby Ryan and loses puck.
12:43 of 2nd period - Shot by Riley Stillman.
12:43 of 2nd period - Stopped by Corey Crawford without a rebound.
12:44 of 2nd period - Derek Grant wins face-off versus Mikael Granlund in Panthers zone.
13:43 of 2nd period - Shot by Jason Dickinson.
13:43 of 2nd period - Stopped by Corey Crawford without a rebound.
13:44 of 2nd period - Jean-Gabriel Pageau wins face-off versus Jason Dickinson in Panthers zone.
13:55 of 2nd period - Zdeno Chara is hit by Bobby Ryan and loses puck.
14:28 of 2nd period - Shot by Colton Parayko.
14:28 of 2nd period - Shot Misses the Net.
14:37 of 2nd period - Jonathan Huberdeau is hit by Brandon Davidson and loses puck.
15:21 of 2nd period - Shot by Josh Anderson.
15:21 of 2nd period - Shot Blocked by Zdeno Chara.
16:17 of 2nd period - Icing by Zdeno Chara.
16:18 of 2nd period - Dylan Larkin wins face-off versus Mikael Granlund in Panthers zone.
16:32 of 2nd period - Shot by Brennan Menell.
16:32 of 2nd period - Shot Misses the Net.
16:46 of 2nd period - Shot by Reilly Smith.
16:46 of 2nd period - Shot Misses the Net.
17:09 of 2nd period - Shot by Quinn Hughes.
17:09 of 2nd period - Shot Misses the Net.
17:11 of 2nd period - Shot by Jean-Gabriel Pageau.
17:11 of 2nd period - Stopped by Pekka Rinne with a rebound.
17:13 of 2nd period - Shot by Jeff Petry.
17:13 of 2nd period - Shot Misses the Net.
17:23 of 2nd period - Shot by Joel Armia.
17:23 of 2nd period - Stopped by Pekka Rinne with a rebound.
17:30 of 2nd period - Shot by Joel Armia.
17:30 of 2nd period - Shot Misses the Net.
17:49 of 2nd period - Off-side.
17:50 of 2nd period - Aleksander Barkov wins face-off versus Jason Dickinson in neutral zone.
18:54 of 2nd period - Icing by Charlie McAvoy.
18:55 of 2nd period - Casey Mittelstadt wins face-off versus Nikita Kucherov in Panthers zone.
18:55 of 2nd period - Casey Mittelstadt is hit by Colton Parayko.
19:20 of 2nd period - Jean-Gabriel Pageau is hit by Wayne Simmonds and loses puck.
19:44 of 2nd period - Shot by Jean-Gabriel Pageau.
19:44 of 2nd period - Stopped by Pekka Rinne without a rebound.
19:45 of 2nd period - Dylan Larkin wins face-off versus Vinnie Hinostroza in Capitals zone.
19:56 of 2nd period - Shot by Dylan Larkin.
19:56 of 2nd period - Stopped by Pekka Rinne with a rebound.
Goals for this period are 2 for Panthers vs 0 for Capitals.
Shots for this period are 10 for Panthers vs 10 for Capitals.

3rd period


0:01 of 3rd period - Aleksander Barkov wins face-off versus Mikael Granlund in neutral zone.
0:06 of 3rd period - Shot by Jonathan Huberdeau.
0:06 of 3rd period - Stopped by Pekka Rinne with a rebound.
0:13 of 3rd period - Minor Penalty to Mikael Granlund for Roughing.
0:14 of 3rd period - Dylan Larkin wins face-off versus Reilly Smith in Capitals zone.
0:29 of 3rd period - Shot by Dylan Larkin.
0:29 of 3rd period - Deflect By Alex Ovechkin.
0:29 of 3rd period - Stopped by Pekka Rinne without a rebound.
0:30 of 3rd period - Aleksander Barkov wins face-off versus Reilly Smith in Capitals zone.
0:39 of 3rd period - Shot by Jonathan Huberdeau.
0:39 of 3rd period - Shot Blocked by Brandon Montour.
0:46 of 3rd period - Icing by Jonathan Huberdeau.
0:47 of 3rd period - Aleksander Barkov wins face-off versus Reilly Smith in Panthers zone.
1:35 of 3rd period - Kris Russell is hit by Alex Ovechkin and loses puck.
2:14 of 3rd period - Shot by Pierre-Luc Dubois.
2:14 of 3rd period - Shot Blocked by Brennan Menell.
2:44 of 3rd period - Shot by Bobby Ryan.
2:44 of 3rd period - Deflect By Kevin Labanc.
2:44 of 3rd period - Stopped by Corey Crawford without a rebound.
2:45 of 3rd period - Casey Mittelstadt wins face-off versus Derek Grant in Panthers zone.
2:58 of 3rd period - Shot by Casey Mittelstadt.
2:58 of 3rd period - Stopped by Corey Crawford with a rebound.
3:16 of 3rd period - Shot by Oskar Sundqvist.
3:16 of 3rd period - Stopped by Pekka Rinne with a rebound.
3:53 of 3rd period - Quinn Hughes is hit by Riley Stillman.
3:57 of 3rd period - Shot by Dylan Larkin.
3:57 of 3rd period - Shot Misses the Net.
3:59 of 3rd period - Shot by Jeff Petry.
3:59 of 3rd period - Stopped by Pekka Rinne without a rebound.
4:00 of 3rd period - Aleksander Barkov wins face-off versus Mikael Granlund in Capitals zone.
4:01 of 3rd period - Shot by Jonathan Huberdeau.
4:01 of 3rd period - Stopped by Pekka Rinne with a rebound.
4:04 of 3rd period - Icing by Michael Del Zotto.
4:05 of 3rd period - Aleksander Barkov wins face-off versus Mikael Granlund in Capitals zone.
5:05 of 3rd period - Kevin Labanc is hit by Charlie McAvoy and loses puck.
5:26 of 3rd period - Shot by Dylan Larkin.
5:26 of 3rd period - Shot Misses the Net.
5:28 of 3rd period - Shot by Charlie McAvoy.
5:28 of 3rd period - Stopped by Pekka Rinne without a rebound.
5:29 of 3rd period - Vinnie Hinostroza wins face-off versus Jean-Gabriel Pageau in Capitals zone.
5:29 of 3rd period - Vinnie Hinostroza is hit by Jean-Gabriel Pageau.
5:42 of 3rd period - Josh Anderson is hit by Jeff Petry and loses puck.
5:53 of 3rd period - Shot by Joel Armia.
5:53 of 3rd period - Shot Hit the Post.
5:55 of 3rd period - Shot by Jeff Petry.
5:55 of 3rd period - Shot Misses the Net.
6:01 of 3rd period - Shot by Pierre-Luc Dubois.
6:01 of 3rd period - Shot Misses the Net.
6:24 of 3rd period - Icing by Colton Parayko.
6:25 of 3rd period - Derek Grant wins face-off versus Casey Mittelstadt in Panthers zone.
6:25 of 3rd period - Derek Grant is hit by Wayne Simmonds.
6:48 of 3rd period - Icing by Michael Del Zotto.
6:49 of 3rd period - Aleksander Barkov wins face-off versus Wayne Simmonds in Capitals zone.
7:08 of 3rd period - Shot by Jonathan Huberdeau.
7:08 of 3rd period - Stopped by Pekka Rinne with a rebound.
7:24 of 3rd period - Shot by Kevin Labanc.
7:24 of 3rd period - Shot Misses the Net.
7:26 of 3rd period - Shot by Jason Dickinson.
7:26 of 3rd period - Stopped by Corey Crawford with a rebound.
7:28 of 3rd period - Shot by Jason Dickinson.
7:28 of 3rd period - Stopped by Corey Crawford without a rebound.
7:29 of 3rd period - Dylan Larkin wins face-off versus Kevin Labanc in Panthers zone.
7:43 of 3rd period - Shot by Jason Dickinson.
7:43 of 3rd period - Stopped by Corey Crawford with a rebound.
8:25 of 3rd period - Icing by Brennan Menell.
8:26 of 3rd period - Aleksander Barkov wins face-off versus Jason Dickinson in Capitals zone.
8:43 of 3rd period - Shot by Aleksander Barkov.
8:43 of 3rd period - Shot Misses the Net.
9:01 of 3rd period - Shot by Aleksander Barkov.
9:01 of 3rd period - Shot Misses the Net.
9:27 of 3rd period - Joel Armia is hit by Michael Del Zotto and loses puck.
9:29 of 3rd period - Minor Penalty to Jean-Gabriel Pageau for Hooking.
9:30 of 3rd period - Mikael Granlund wins face-off versus Derek Grant in Panthers zone.
9:33 of 3rd period - Shot by Reilly Smith.
9:33 of 3rd period - Shot Misses the Net.
9:35 of 3rd period - Shot by Brandon Montour.
9:35 of 3rd period - Stopped by Corey Crawford without a rebound.
9:36 of 3rd period - Derek Grant wins face-off versus Mikael Granlund in Panthers zone.
9:57 of 3rd period - Jeff Petry is hit by Mikael Granlund and loses puck.
11:04 of 3rd period - Shot by Kaapo Kakko.
11:04 of 3rd period - Stopped by Corey Crawford with a rebound.
12:06 of 3rd period - Icing by Matthew Tkachuk.
12:07 of 3rd period - Dylan Larkin wins face-off versus Mikael Granlund in Panthers zone.
12:07 of 3rd period - Dylan Larkin is hit by Reilly Smith.
13:28 of 3rd period - Chandler Stephenson is hit by Jeff Petry and loses puck.
13:57 of 3rd period - Colton Parayko is hit by Wayne Simmonds and loses puck.
14:41 of 3rd period - Off-side.
14:42 of 3rd period - Jason Dickinson wins face-off versus Dylan Larkin in neutral zone.
15:46 of 3rd period - Shot by Aleksander Barkov.
15:46 of 3rd period - Goal by Aleksander Barkov - Panthers : 5 - Capitals : 1.
15:47 of 3rd period - Jean-Gabriel Pageau wins face-off versus Mikael Granlund in neutral zone.
16:04 of 3rd period - Shot by Pierre-Luc Dubois.
16:04 of 3rd period - Stopped by Pekka Rinne with a rebound.
16:14 of 3rd period - Shot by David Kampf.
16:14 of 3rd period - Stopped by Corey Crawford without a rebound.
16:15 of 3rd period - Aleksander Barkov wins face-off versus Casey Mittelstadt in Panthers zone.
16:30 of 3rd period - Icing by Michael Del Zotto.
16:31 of 3rd period - Alex Ovechkin wins face-off versus Casey Mittelstadt in Capitals zone.
17:13 of 3rd period - Wayne Simmonds is hit by Alex Ovechkin.
17:51 of 3rd period - Mikael Granlund is hit by Charlie McAvoy and loses puck.
19:44 of 3rd period - Shot by Joel Armia.
19:44 of 3rd period - Deflect By Jean-Gabriel Pageau.
19:44 of 3rd period - Shot Misses the Net.
19:50 of 3rd period - Michael Del Zotto is hit by Jean-Gabriel Pageau.
19:56 of 3rd period - Chandler Stephenson is hit by Joel Armia and loses puck.
Goals for this period are 1 for Panthers vs 0 for Capitals.
Shots for this period are 9 for Panthers vs 8 for Capitals.